 Dungeon Crawl Stone Soup version 0.29.1-15-g9cfb28693d (webtiles) character file.

Game seed: 11703149913013591085

475 Calibrex the Skirmisher (level 7, 0/41 HPs)
             Began as a Kobold Hunter on Mar 23, 2023.
             Slain by Edmund
             ... wielding a +5 vorpal flail
              (3 damage)
             ... on level 5 of the Dungeon.
             The game lasted 00:10:29 (4747 turns).

Calibrex the Skirmisher (Kobold Hunter)             Turns: 4747, Time: 00:10:30

Health: 0/41       AC:  7    Str:  8    XL:     7   Next: 32%
Magic:  7/7        EV: 13    Int: 13    God:
Gold:   279        SH:  0    Dex: 21    Spells: 6/6 levels left

rFire   . . .      SeeInvis .   a - +1 shortbow
rCold   + . .      Faith    .   (shield currently unavailable)
rNeg    . . .      Spirit   .   y - +2 ring mail of Cycauw {Int+3}
rPois   .          Reflect  .   (no helmet)
rElec   .          Harm     .   (no cloak)
rCorr   .          Rampage  .   (no gloves)
Will    +....                   (no boots)
Stlth   +++.......              (no amulet)
HPRegen 0.13/turn               d - ring of protection from cold
MPRegen 0.10/turn               v - ring of willpower

@: no status effects
A: small, no large weapons, nightstalker 3
a: no special abilities


You were on level 5 of the Dungeon.
You visited 1 branch of the dungeon, and saw 5 of its levels.

You collected 279 gold pieces.

Inventory:

Hand Weapons
 a - a +1 shortbow (weapon)
 k - a +0 mace of venom
Missiles
 z - a boomerang of dispersal
Armour
 c - a +0 leather armour
 y - the +2 ring mail of Cycauw (worn) {Int+3}
   (You found it on level 4 of the Dungeon)

   Int:       It affects your intelligence (+3).
Magical Staves
 s - a staff of fire
Jewellery
 d - a ring of protection from cold (left hand)
 q - a ring of resist corrosion
 v - a ring of willpower (right hand)
Scrolls
 b - 2 scrolls of immolation
 n - 2 scrolls of enchant weapon
 p - 3 scrolls of teleportation
 t - a scroll of magic mapping
Potions
 e - 5 potions of curing
 h - 6 potions of heal wounds
 i - 2 potions of flight
 j - 2 potions of attraction {unknown}
 o - a potion of might {unknown}
 u - a potion of haste {unknown}
 w - a potion of degeneration {unknown}


   Skills:
 + Level 3.2 Fighting
 * Level 9.9 Ranged Weapons
 + Level 1.4 Armour
 + Level 2.8 Dodging
 - Level 1.3 Stealth


You had 6 spell levels left.
You didn't know any spells.
Your spell library contained the following spells:

 Spells                   Type           Power      Damage    Failure   Level
 Summon Lightning Spire   Summ/Air       0%         N/A       100%        4
 Storm Form               Tmut/Air       0%         N/A       100%        7
 Maxwell's Capacitive Co  Air            0%         ∞         100%        8


Dungeon Overview and Level Annotations

Branches:
Dungeon (5/15)
 Temple: D:4-7

Altars:
Zin

Shops:
D:3 *

Annotations:
D:5 Edmund


Innate Abilities, Weirdness & Mutations

You are small and have problems with some larger weapons.
You are completely attuned to the shadows.


Message History

As you read the scroll labelled YKHIEFOTT, it crumbles to dust.
You assume a fearsome visage.
Nothing appears to happen.
It was a scroll of fear.
p - 3 scrolls of teleportation (gained 1)
You feel your willpower return.
Found a stone staircase leading down.
There is a stone staircase leading down here.
As you open the door, it creaks loudly!
Found a scroll of noise.
There is an open door here.
Found a scimitar.
You open the door.
There is an open door here.
You open the door.
Edmund the Younger comes into view.
He is wielding a +5 vorpal flail.
Found 12 gold pieces.
You shoot an arrow.
The arrow hits Edmund but does no damage.
Edmund shouts!
You shoot an arrow.
The arrow hits Edmund but does no damage.
You shoot an arrow. The arrow hits Edmund.
Edmund is lightly wounded.
Edmund hits you with a +5 vorpal flail!
You shoot an arrow. The arrow hits Edmund!
Edmund is moderately wounded.
Edmund closely misses you.
You shoot an arrow. The arrow closely misses Edmund.
Edmund gestures with his flail.
Edmund hits you with a +5 vorpal flail.
You shoot an arrow. The arrow barely misses Edmund.
Edmund hits you with a +5 vorpal flail!
Fire: a) +1 shortbow
Press: ? - help, Q - select action, (/) - cycle Shift-Dir - straight line, f/p - Edmund
Aim: Edmund, wielding a +5 vorpal flail and wearing a +0 chain mail (moderately wounded, 74% to hit)
You shoot an arrow. The arrow hits Edmund.
Edmund is moderately wounded.
Edmund hits you with a +5 vorpal flail!
* * * LOW HITPOINT WARNING * * *
You die...

#.# #.# #. #.# #.###
##'## #.#.. ##...##
###.#.# ##.....##
#.....#
##.......###.....#
.$##......?..##......
...@@........'.......
####.........##.....#
##..)....######...
##.....## #### #...#
#.. #+# #.# #.# #.#
#§# #..
####§##########..


You could see Edmund.

Vanquished Creatures
  A black bear (D:4)
  A scorpion (D:4)
  A hound (D:4)
  An orc priest (D:4)
  An orc wizard (D:4)
  14 adders
  3 worms
  2 dart slugs
  11 orcs
  3 bats
  11 endoplasms
  2 giant cockroaches
  4 goblins
  10 hobgoblins
  6 kobolds
  5 quokkas
  10 ball pythons
  5 frilled lizards
  7 rats
98 creatures vanquished.

Notes
Turn   | Place    | Note
-------+----------+-------------------------------------------
     0 | D:1      | Calibrex the Kobold Hunter began the quest for the Orb.
     0 | D:1      | Reached XP level 1. HP: 12/12 MP: 1/1
   149 | D:1      | Reached XP level 2. HP: 17/17 MP: 2/2
   161 | D:1      | Reached skill level 6 in Ranged Weapons
   474 | D:1      | Found a faded altar of an unknown god.
   642 | D:1      | Reached XP level 3. HP: 21/21 MP: 3/3
  1006 | D:2      | Found a glowing silver altar of Zin.
  1092 | D:2      | Reached XP level 4. HP: 27/27 MP: 4/4
  1104 | D:2      | Reached skill level 7 in Ranged Weapons
  1504 | D:2      | Reached XP level 5. HP: 28/31 MP: 5/5
  1867 | D:3      | Reached skill level 8 in Ranged Weapons
  2073 | D:3      | Found Voklat's General Store.
  2172 | D:3      | Reached XP level 6. HP: 36/36 MP: 6/6
  2641 | D:4      | Reached skill level 9 in Ranged Weapons
  3180 | D:4      | Reached skill level 1 in Armour
  3577 | D:4      | Reached XP level 7. HP: 27/41 MP: 7/7
  4478 | D:4      | Identified the +2 ring mail of Cycauw {Int+3}
  4661 | D:5      | Entered Level 5 of the Dungeon
  4740 | D:5      | Noticed Edmund
  4747 | D:5      | Slain by Edmund

Illustrated notes

Levels and vault maps discovered:
D:1:      nicolae_arrival_memento_mori, layout_loops_cross,
          hellmonk_ecumenical_altar_lost_god
D:2:      layout_loops_ring, basic_altar, minmay_tetromino_t2
D:3:      layout_basic, serial_shops, nicolae_shop_competitors_out_of_business,
          minmay_snake_closets
D:4:      layout_basic
D:5:      layout_loops_corners, serial_shops, nicolae_square_shop,
          kennysheep_opposing_triangles, uniq_edmund

Skill      XL: |  1  2  3  4  5  6 |
---------------+-------------------+-----
Ranged Weapons | 6 7 8 9 |  9.9
Armour         | 1 |  1.4
Fighting       | 3 |  3.2
Dodging        | |  2.8
Stealth        | |  1.3

Action                   |  1- 3 |  4- 6 |  7- 9 || total
-------------------------+-------+-------+-------++-------
 Fire: Shortbow          |    65 |   177 |    22 ||   264
  Use: Scroll            |     4 |     2 |     7 ||    13
       Potion            |       |     1 |       ||     1
Armor: Leather armour    |     5 |    10 |     8 ||    23
Dodge: Dodged            |    20 |    54 |    14 ||    88
